Unix NetHack Version 5.0.0-0 post-release - last build May 31 2026 23:59:36 (970b52f25bf058293b47ddfd14a1e40e571c508c,branch:main).

Game began 2026-06-01 21:35:23, ended 2026-06-01 21:40:35.

DaveT, lawful male human Priest

                       ----
                        ...
                          .d#
                            @
                            i
                            ##
                             #
                             #
                             #
                             #
                             #
                             #   --.--
                             #   |<..|
                             ####|...|
                                #|...|
                                #....|
                                 -----

DaveT the Aspirant           St:14 Dx:13 Co:11 In:10 Wi:18 Ch:9  Lawful
Dlvl:4  $:42 HP:0(22) Pw:31(31) AC:3  Xp:2 T:1161  Burdened

Latest messages:
 What do you want to wear? [b or ?*] b
 You are now wearing a robe.
 A trap door in the ceiling opens and a rock falls on your head!
 Fortunately, you are wearing a hard helmet.
 You have a little trouble lifting B - a cursed credit card.
 The door resists!
 The door opens.
 You see here a club.
 You see here a cursed long sword.
 A shiver runs up and down your spine!
 You see here a food ration.
 You have a little trouble lifting i - a food ration (2 in total).
 You see here 4 gold pieces.
 You see here 4 gold pieces.
 You have a little trouble lifting $ - 4 gold pieces (35 in total).
 The door resists!
 The door resists!
 The door resists!
 The door opens.
 You are beginning to feel hungry.
 You miss the sewer rat.
 The sewer rat bites!
 The sewer rat bites!
 You kill the sewer rat!
 What do you want to eat? [efim or ?*] ?
 This lichen corpse tastes terrible!
 You finish eating the lichen corpse.
 What do you want to eat? [efim or ?*] m
 This lichen corpse tastes okay.
 You finish eating the lichen corpse.
 You fall down the stairs.
 You see here 7 gold pieces.
 You have a little trouble lifting $ - 7 gold pieces (42 in total).
 You see here a potion of healing.
 You have a little trouble lifting l - a potion of healing (5 in total).
 The little dog bites!
 The little dog bites!
 The little dog bites!
 You hit the little dog!
 The little dog bites!
 You miss the little dog.
 The homunculus bites!
 The little dog misses!
 The little dog bites!
 You miss the little dog.
 The homunculus bites!
 The little dog bites!
 You die...
 Do you want your possessions identified? [ynq] (y) y
 Do you want to see your attributes? [ynq] (y) q

Inventory:
 Coins    ('$')
  $ - 42 gold pieces
 Amulets  ('"')
  o - a blessed amulet of reflection (being worn)
 Weapons  (')')
  a - a blessed +1 mace (weapon in right hand)
 Armor    ('[')
  x - a +0 helm of caution (being worn)
  c - a +0 small shield (being worn)
  b - a +0 robe (being worn)
  A - a +0 studded leather armor (being worn)
 Comestibles  ('%')
  e - a clove of garlic
  i - 2 food rations
  f - 2 sprigs of wolfsbane
 Spellbooks  ('+')
  t - a spellbook of confuse monster
  h - a spellbook of cure blindness
  u - a spellbook of cure sickness
  g - a spellbook of healing
 Potions  ('!')
  l - 5 potions of healing
  d - 4 potions of holy water
 Tools    ('(')
  B - a cursed credit card
  p - a mirror
  n - a skeleton key

DaveT the Priest's attributes:

Background:
 You were an Aspirant, a level 2 human Priest.
 You were lawful, nominally on a mission for Lugh
 who was opposed by Brigit (neutral) and Manannan Mac Lir (chaotic).
 You were right-handed.
 You were in the Dungeons of Doom, on level 4.
 You entered the dungeon 1161 turns ago.
 There was a full moon in effect when your adventure ended.
 You had 29 experience points, 11 more were needed to attain level 3.

Basics:
 You had 0 out of 22 hit points.
 You had all 31 energy points (spell power).
 Your armor class was 3.
 Your wallet contained 42 zorkmids.
 Autopickup was off.

Final Characteristics:
 Your strength was 14 (limit:18/100).
 Your dexterity was 13 (limit:18).
 Your constitution was 11 (limit:18).
 Your intelligence was 10 (limit:18).
 Your wisdom was 18 (limit:18).
 Your charisma was 9 (limit:18).

Final Status:
 You weren't hungry.
 You were burdened; movement was slightly slowed.
 You were wielding a mace.
 You had basic skill with mace.

Final Attributes:
 You were devoutly aligned.
 You were warned.
 You were guarded.
 Your spell casting was enhanced by wearing a robe.
 You had reflection.
 You were lucky.
 You are dead.

Miscellaneous:
 You didn't encounter any bones levels.
 Total elapsed playing time was 5 minutes and 12 seconds.

Major events:
 Turn
    1: DaveT the lawful human Priest entered the dungeon
  471: performed his first genocide (rust monsters)
 1161: killed by a little dog

Spells:
 Name                 Level Category     Fail Retention
 healing                1   healing        0%  76%-100%
 cure blindness         2   healing       50%  76%-100%

Skills:
 Fighting Skills
   bare handed combat [Unskilled]
 Weapon Skills
   club               [Unskilled]
   mace               [Basic]
   morning star       [Unskilled]
   flail              [Unskilled]
   hammer             [Unskilled]
   quarterstaff       [Unskilled]
   polearms           [Unskilled]
   spear              [Unskilled]
   trident            [Unskilled]
   lance              [Unskilled]
   bow                [Unskilled]
   sling              [Unskilled]
   crossbow           [Unskilled]
   dart               [Unskilled]
   shuriken           [Unskilled]
   boomerang          [Unskilled]
   unicorn horn       [Unskilled]
 Spellcasting Skills
   healing spells     [Unskilled]
   divination spells  [Unskilled]
   clerical spells    [Basic]

Voluntary challenges:
 Character rerolling was not enabled.
 You were an atheist.
 You genocided 1 type of monster.
 You never polymorphed an object.
 You never changed form.
 You used no wishes.
Achievement:
 You entered a shop.

 The Dungeons of Doom: levels 1 to 4
    Level 1:
    Level 2:
       A food shop, a fountain.
    Level 3:
       A fountain.
    Level 4: <- You were here.
       Final resting place for
          you, killed by a little dog.


Vanquished creatures:
 an acid blob
  4 giant rats
  a jackal
  a sewer rat
  2 grid bugs
  3 lichens
  5 newts
17 creatures vanquished.

Genocided species:
 rust monsters
1 species genocided.

Game over:
                       ----------
                      /          \
                     /    REST    \
                    /      IN      \
                   /     PEACE      \
                  /                  \
                  |      DaveT       |
                  |      42 Au       |
                  |   killed by a    |
                  |    little dog    |
                  |                  |
                  |                  |
                  |       2026       |
                 *|     *  *  *      | *
        _________)/\\_//(\/(/\)/\//\/|_)_______

Goodbye DaveT the Priest...

You died in The Dungeons of Doom on dungeon level 4 with 344 points,
and 42 pieces of gold, after 1161 moves.
You were level 2 with a maximum of 22 hit points when you died.

